Senators vs Punishers
Created - March 11, 2024 at 20:01
Goals
|
| Senators |
0 |
2 |
1 |
3 |
| Punishers |
1 |
0 |
0 |
1 |
|
Shots
|
| Senators |
5 |
10 |
10 |
25 |
| Punishers |
14 |
7 |
8 |
29 |
|
1st period
1. Punishers , Oskar Lindblom 21 (John Quenneville 62) at 17:30
Penalties :
No Penalty
2nd period
2. Senators , Zachary Sanford 53 (Christoph Bertschy 62, Kevin Rooney 22) at 1:13
3. Senators , Grant Besse 12 (Kevin Rooney 23, Marc Michaelis 23) at 2:24
Penalties :
John Quenneville (Pro) for Cross-checking (Minor) at 2:48, David Rittich (Bel) for Delaying the game (Minor) at 6:23 - Jonas Siegenthaler served the penalty
3rd period
4. Senators , Anton Karlsson 14 (Tomas Hyka 4, Keegan Lowe 27) at 1:37
Penalties :
Keegan Lowe (Bel) for Delaying the game (Minor) at 1:53, Zachary Sanford (Bel) for Hooking (Minor) at 11:39, Keegan Lowe (Bel) for Interference (Minor) at 15:18
Goalie Stats
David Rittich (Bel), 28 saves from 29 shots - (0.966), W, 20-22-3, 60:00 minutes
Cal Petersen (Pro), 22 saves from 25 shots - (0.880), L, 6-16-0, 60:00 minutes
Players Stats for Senators
Player Name G A P +/- PIM S H SB GA TA FO MP PP MP PK MP
------------------------------------------------------------------------------------
Anton Karlsson 1 0 1 1 0 2 1 0 1 0 0/0 10:51 0:00 1:31
Arttu Ruotsalainen 0 0 0 1 0 1 0 0 0 0 3/4 8:14 0:00 0:00
C.J Suess 0 0 0 0 0 3 1 0 0 0 0/1 16:58 0:52 2:16
Carl Grundstrom 0 0 0 0 0 2 0 0 0 0 1/1 14:14 0:52 0:00
Christoph Bertschy 0 1 1 0 0 2 3 0 0 0 13/29 21:08 1:00 4:26
Grant Besse 1 0 1 1 0 3 0 0 0 1 0/1 11:42 0:07 0:00
Jacob De La Rose 0 0 0 0 0 2 1 1 2 1 5/9 17:05 0:52 2:40
Jonas Siegenthaler 0 0 0 1 0 0 1 0 0 0 0/0 20:23 0:41 3:26
Joonas Lyytinen 0 0 0 1 0 2 3 1 0 0 0/0 27:03 1:18 4:18
Keegan Lowe 0 1 1 1 4 0 1 1 1 2 0/0 24:39 1:18 2:07
Kevin Rooney 0 2 2 1 0 1 2 0 0 0 1/6 14:15 0:07 1:32
Marc Michaelis 0 1 1 1 0 3 1 0 0 1 1/1 11:38 0:07 0:00
Martin Fehervary 0 0 0 0 0 0 0 0 0 0 0/0 14:39 0:00 1:08
Mason Appleton 0 0 0 0 0 1 0 1 0 0 0/0 16:37 1:00 0:00
Mason Geertsen 0 0 0 0 0 0 2 3 0 1 0/0 15:43 0:00 2:50
Nikita Nesterov 0 0 0 1 0 0 2 0 0 0 0/0 18:29 0:41 2:03
Tomas Hyka 0 1 1 1 0 1 1 0 0 0 1/1 8:15 0:00 0:00
Zachary Sanford 1 0 1 0 2 2 1 1 0 0 1/2 20:08 1:00 3:27
Players Stats for Punishers
Player Name G A P +/- PIM S H SB GA TA FO MP PP MP PK MP
------------------------------------------------------------------------------------
Adam Ruzicka 0 0 0 -1 0 1 1 1 0 1 4/6 12:19 0:00 0:52
Anton Blidh 0 0 0 0 0 2 1 0 2 0 0/1 18:10 4:15 0:48
Artem Zub 0 0 0 1 0 1 4 5 1 0 0/0 26:05 5:07 1:00
Austen Brassard 0 0 0 -1 0 2 2 0 1 0 0/0 9:37 0:09 0:00
Ben Betker 0 0 0 -1 0 0 0 2 0 0 0/0 19:53 2:49 0:59
Connor Clifton 0 0 0 -2 0 0 0 1 0 0 0/0 14:02 0:00 0:00
Corey Tropp 0 0 0 0 0 3 2 2 0 0 0/1 17:08 4:19 0:00
Daniel Audette 0 0 0 -1 0 1 2 1 0 0 3/6 9:29 0:00 0:29
Fredrik Claesson 0 0 0 -1 0 2 0 2 0 2 0/0 19:53 2:49 0:59
Jack Ahcan 0 0 0 0 0 0 0 0 0 0 0/0 0:00 0:00 0:00
Jesse Ylonen 0 0 0 -1 0 2 0 0 0 0 0/0 11:37 0:13 0:00
John Quenneville 0 1 1 0 2 3 0 1 0 0 17/27 21:06 4:19 0:00
Kevin Roy 0 0 0 0 0 3 2 1 0 0 3/9 16:08 3:28 0:00
Kole Lind 0 0 0 0 0 0 1 1 0 0 0/0 19:56 3:28 0:00
Nicolas Beaudin 0 0 0 0 0 0 0 0 0 0 0/0 0:00 0:00 0:00
Niko Mikkola 0 0 0 -2 0 0 0 0 0 0 0/0 14:02 0:00 0:00
Noah Juulsen 0 0 0 1 0 1 1 2 2 0 0/0 26:05 5:07 1:00
Oskar Lindblom 1 0 1 0 0 4 2 1 0 1 2/4 20:58 3:28 1:00
Phillip Danault 0 0 0 -1 0 2 2 0 0 0 0/1 12:21 0:00 0:49
Tanner Jeannot 0 0 0 -1 0 2 2 0 0 0 0/0 9:11 0:09 0:00
3 Stars
1 - David Rittich (Bel)
2 - Kevin Rooney (Bel)
3 - Anton Karlsson (Bel)
Power Play
Senators - 0 on 1 Attempt(s) - 0.00%
Punishers - 0 on 4 Attempt(s) - 0.00%
Penalty Kill
Senators - 4 on 4 Attempt(s) - 100.00%
- Score 0 goal in Penalty Kill
Punishers - 1 on 1 Attempt(s) - 100.00%
- Score 0 goal in Penalty Kill
Team Stat
Senators - Hits : 20 - Faceoff Wins : 26 - Blocked Shots : 8 - Penalty Minutes : 8
Punishers - Hits : 22 - Faceoff Wins : 29 - Blocked Shots : 20 - Penalty Minutes : 2
Official
Referees : Tim Peel and Eric Furlatt
Linesman : Jonny Murray and Brad Kovachik
Game Notes
No Game Note
Finance
Level 1 -- Attendance: 1799 (89.95%) -- Ticket Income $125,930
Level 2 -- Attendance: 941 (94.10%) -- Ticket Income $37,640
Total Attendance: 2740 (91.33%)
Total Ticket Income: $163,570
Other Income: $8,178
Total Income: $171,748
Senators
5 vs 5 Forward
Center Left Wing Right Wing Time % Phy DF OF
1 Christoph Bertschy Zachary Sanford Mason Appleton 40 0 2 3
2 Jacob De La Rose C.J Suess Carl Grundstrom 30 0 3 2
3 Kevin Rooney Marc Michaelis Grant Besse 20 0 3 2
4 Arttu Ruotsalainen Anton Karlsson Tomas Hyka 10 0 3 2
5 vs 5 Defense
Defense Defense Time % Phy DF OF
1 Keegan Lowe Joonas Lyytinen 40 0 2 3
2 Nikita Nesterov Jonas Siegenthaler 30 0 3 2
3 Mason Geertsen Martin Fehervary 20 0 3 2
4 Keegan Lowe Joonas Lyytinen 10 0 3 2
PowerPlay Forward
Center Left Wing Right Wing Time % Phy DF OF
1 Christoph Bertschy Zachary Sanford Mason Appleton 60 1 2 2
2 Jacob De La Rose C.J Suess Carl Grundstrom 40 1 2 2
PowerPlay Defense
Defense Defense Time % Phy DF OF
1 Keegan Lowe Joonas Lyytinen 60 1 2 2
2 Nikita Nesterov Jonas Siegenthaler 40 1 2 2
Penalty Kill 4 Players Forward
Center Wing Time % Phy DF OF
1 Christoph Bertschy Zachary Sanford 60 1 2 2
2 Jacob De La Rose C.J Suess 40 1 2 2
Penalty Kill 4 Players Defense
Defense Defense Time % Phy DF OF
1 Keegan Lowe Joonas Lyytinen 60 1 2 2
2 Nikita Nesterov Jonas Siegenthaler 40 1 2 2
Penalty Kill - 3 Players Forward
Forward Time % Phy DF OF
1 Christoph Bertschy 60 1 2 2
2 Jacob De La Rose 40 1 2 2
Penalty Kill - 3 Players Defense
Defense Defense Time % Phy DF OF
1 Keegan Lowe Joonas Lyytinen 60 1 2 2
2 Nikita Nesterov Jonas Siegenthaler 40 1 2 2
4 vs 4 Forward
Center Wing Time % Phy DF OF
1 Christoph Bertschy Zachary Sanford 60 1 2 2
2 Jacob De La Rose C.J Suess 40 1 2 2
4 vs 4 Defense
Defense Defense Time % Phy DF OF
1 Keegan Lowe Joonas Lyytinen 60 1 2 2
2 Nikita Nesterov Jonas Siegenthaler 40 1 2 2
Last Minutes Offensive
Center Left Wing Right Wing Defense Defense
Christoph Bertschy Zachary Sanford Mason Appleton Keegan Lowe Joonas Lyytinen
Last Minutes Defensive
Center Left Wing Right Wing Defense Defense
Christoph Bertschy Zachary Sanford Mason Appleton Keegan Lowe Joonas Lyytinen
Goaltenders
Starting : David Rittich
Backup : Arvid Soderblom
Extra Forwards
Normal : Kevin Rooney, Marc Michaelis, Mason Appleton - PP : Kevin Rooney, Marc Michaelis - PK : Kevin Rooney
Extra Defensemen
Normal : Jonas Siegenthaler, Mason Geertsen, Martin Fehervary - PP : Jonas Siegenthaler - PK : Jonas Siegenthaler, Mason Geertsen
Penalty Shots
Zachary Sanford, Christoph Bertschy, Jacob De La Rose, C.J Suess, Kevin Rooney
Custom OT Lines Forwards
Zachary Sanford, Christoph Bertschy, Jacob De La Rose, C.J Suess, Kevin Rooney, Marc Michaelis, Mason Appleton, Carl Grundstrom, Grant Besse, Anton Karlsson
Custom OT Lines Defensemen
Keegan Lowe, Joonas Lyytinen, Nikita Nesterov, Jonas Siegenthaler, Mason Geertsen
Scratches
David Kase (Healthy), Akil Thomas (Healthy), Ivan Morozov (Healthy), Gustav Forsling (Healthy), Jordan Schmaltz (Back Spasms Injury)
Alec Regula (Healthy), Vitaly Abramov (Healthy), Cliff Pu (Healthy), Bryce Kindopp (Healthy), Olivier Rodrigue (Healthy)
Olle Eriksson Ek (Healthy)
Punishers
5 vs 5 Forward
Center Left Wing Right Wing Time % Phy DF OF
1 John Quenneville Oskar Lindblom Kole Lind 40 0 2 3
2 Kevin Roy Anton Blidh Corey Tropp 30 0 2 3
3 Adam Ruzicka Phillip Danault Jesse Ylonen 20 1 2 2
4 Daniel Audette Tanner Jeannot Austen Brassard 10 1 2 2
5 vs 5 Defense
Defense Defense Time % Phy DF OF
1 Noah Juulsen Artem Zub 40 1 2 2
2 Ben Betker Fredrik Claesson 30 1 2 2
3 Connor Clifton Niko Mikkola 20 1 2 2
4 Artem Zub Noah Juulsen 10 1 2 2
PowerPlay Forward
Center Left Wing Right Wing Time % Phy DF OF
1 John Quenneville Anton Blidh Corey Tropp 60 0 2 3
2 Kevin Roy Oskar Lindblom Kole Lind 40 0 2 3
PowerPlay Defense
Defense Defense Time % Phy DF OF
1 Noah Juulsen Artem Zub 60 0 2 3
2 Ben Betker Fredrik Claesson 40 1 2 2
Penalty Kill 4 Players Forward
Center Wing Time % Phy DF OF
1 John Quenneville Oskar Lindblom 60 1 3 1
2 Kevin Roy Anton Blidh 40 1 3 1
Penalty Kill 4 Players Defense
Defense Defense Time % Phy DF OF
1 Noah Juulsen Artem Zub 60 1 3 1
2 Ben Betker Fredrik Claesson 40 1 3 1
Penalty Kill - 3 Players Forward
Forward Time % Phy DF OF
1 John Quenneville 60 0 4 1
2 Oskar Lindblom 40 0 4 1
Penalty Kill - 3 Players Defense
Defense Defense Time % Phy DF OF
1 Noah Juulsen Artem Zub 60 1 3 1
2 Ben Betker Fredrik Claesson 40 1 3 1
4 vs 4 Forward
Center Wing Time % Phy DF OF
1 John Quenneville Oskar Lindblom 60 1 2 2
2 Kevin Roy Anton Blidh 40 1 2 2
4 vs 4 Defense
Defense Defense Time % Phy DF OF
1 Noah Juulsen Artem Zub 60 1 2 2
2 Ben Betker Fredrik Claesson 40 1 2 2
Last Minutes Offensive
Center Left Wing Right Wing Defense Defense
John Quenneville Oskar Lindblom Austen Brassard Noah Juulsen Artem Zub
Last Minutes Defensive
Center Left Wing Right Wing Defense Defense
John Quenneville Oskar Lindblom Austen Brassard Noah Juulsen Artem Zub
Goaltenders
Starting : Cal Petersen
Backup : Jack LaFontaine
Extra Forwards
Normal : Anton Blidh, John Quenneville, Oskar Lindblom - PP : Jesse Ylonen, Tanner Jeannot - PK : Phillip Danault
Extra Defensemen
Normal : Connor Clifton, Noah Juulsen, Artem Zub - PP : Connor Clifton - PK : Niko Mikkola, Noah Juulsen
Penalty Shots
John Quenneville, Oskar Lindblom, Kevin Roy, Anton Blidh, Phillip Danault
Custom OT Lines Forwards
John Quenneville, Oskar Lindblom, Kevin Roy, Anton Blidh, Phillip Danault, Austen Brassard, Daniel Audette, Kole Lind, Adam Ruzicka, Tanner Jeannot
Custom OT Lines Defensemen
Noah Juulsen, Artem Zub, Ben Betker, Fredrik Claesson, Connor Clifton
Scratches
Ben Meyers (Healthy), John Hayden (Healthy), Urho Vaakanainen (Healthy), Carson Meyer (Healthy), Marcus Karlberg (Healthy)
Antoine Bibeau (Healthy)
% Time on Ice - Senators
Lines # - Real PCT - Wanted PCT - Time Play
Normal Forward
1 - 35% - 40% - 17:25
2 - 27% - 30% - 13:32
3 - 22% - 20% - 10:54
4 - 16% - 10% - 8:14
Normal Defense
1 - 40% - 40% - 20:16
2 - 30% - 30% - 15:14
3 - 24% - 20% - 12:11
4 - 5% - 10% - 2:24
PP Forward
1 - 56% - 60% - 1:07
2 - 44% - 40% - 0:52
PP Defense
1 - 66% - 60% - 1:18
2 - 34% - 40% - 0:41
PK Forward
1 - 77% - 60% - 6:05
2 - 23% - 40% - 1:51
PK Defense
1 - 74% - 60% - 5:53
2 - 26% - 40% - 2:03
PK3 Forward
1 - 0% - 60%
2 - 0% - 40%
PK3 Defense
1 - 0% - 60%
2 - 0% - 40%
44 Forward
1 - 0% - 60%
2 - 0% - 40%
44 Defense
1 - 0% - 60%
2 - 0% - 40%
Last Minute Offensive - 0:00
Last Minute Defensive - 0:00
Total
Forward - 60:00
Defense - 60:00
|
% Time on Ice - Punishers
Lines # - Real PCT - Wanted PCT - Time Play
Normal Forward
1 - 35% - 40% - 17:41
2 - 25% - 30% - 12:40
3 - 22% - 20% - 11:03
4 - 17% - 10% - 8:41
Normal Defense
1 - 36% - 40% - 18:07
2 - 32% - 30% - 16:05
3 - 28% - 20% - 14:02
4 - 4% - 10% - 1:51
PP Forward
1 - 56% - 60% - 4:28
2 - 44% - 40% - 3:28
PP Defense
1 - 64% - 60% - 5:07
2 - 36% - 40% - 2:49
PK Forward
1 - 100% - 60% - 1:59
2 - 0% - 40% - 0:00
PK Defense
1 - 50% - 60% - 1:00
2 - 50% - 40% - 0:59
PK3 Forward
1 - 0% - 60%
2 - 0% - 40%
PK3 Defense
1 - 0% - 60%
2 - 0% - 40%
44 Forward
1 - 0% - 60%
2 - 0% - 40%
44 Defense
1 - 0% - 60%
2 - 0% - 40%
Last Minute Offensive - 0:00
Last Minute Defensive - 0:00
Total
Forward - 60:00
Defense - 60:00
|
Play-by-Play
1st period
0:01 of 1st period - John Quenneville wins face-off versus Christoph Bertschy in neutral zone.
0:16 of 1st period - Off-side.
0:17 of 1st period - Jacob De La Rose wins face-off versus Kevin Roy in neutral zone.
0:22 of 1st period - Wrist shot by C.J Suess.
0:22 of 1st period - Stopped by Cal Petersen without a rebound.
0:23 of 1st period - Kevin Roy wins face-off versus C.J Suess in Punishers zone.
0:59 of 1st period - Wrist shot by Jesse Ylonen.
0:59 of 1st period - Stopped by David Rittich with a rebound.
1:11 of 1st period - Slapshot by Christoph Bertschy.
1:11 of 1st period - Stopped by Cal Petersen without a rebound.
1:12 of 1st period - John Quenneville wins face-off versus Christoph Bertschy in Punishers zone.
1:17 of 1st period - Snap shot by Oskar Lindblom.
1:17 of 1st period - Shot Misses the Net.
1:29 of 1st period - Wrist shot by Oskar Lindblom.
1:29 of 1st period - Stopped by David Rittich without a rebound.
1:30 of 1st period - Arttu Ruotsalainen wins face-off versus Daniel Audette in Senators zone.
1:46 of 1st period - Daniel Audette is hit by Tomas Hyka and loses puck.
2:00 of 1st period - Wrist shot by Arttu Ruotsalainen.
2:00 of 1st period - Deflect By Anton Karlsson.
2:00 of 1st period - Shot Blocked by Artem Zub.
2:00 of 1st period - Puck is out of play.
2:01 of 1st period - Jacob De La Rose wins face-off versus Kevin Roy in Punishers zone.
2:58 of 1st period - Wrist shot by Kevin Rooney.
2:58 of 1st period - Shot Misses the Net.
3:00 of 1st period - Wrist shot by Grant Besse.
3:00 of 1st period - Shot Blocked by Noah Juulsen.
3:10 of 1st period - Slapshot by Arttu Ruotsalainen.
3:10 of 1st period - Shot Misses the Net.
3:18 of 1st period - Wrist shot by Anton Karlsson.
3:18 of 1st period - Stopped by Cal Petersen with a rebound.
3:24 of 1st period - Tomas Hyka is hit by Tanner Jeannot.
4:40 of 1st period - Fredrik Claesson is hit by Kevin Rooney and loses puck.
4:56 of 1st period - Icing by Ben Betker.
4:57 of 1st period - Christoph Bertschy wins face-off versus Daniel Audette in Punishers zone.
5:50 of 1st period - Snap shot by Phillip Danault.
5:50 of 1st period - Shot Misses the Net.
6:04 of 1st period - Anton Blidh is hit by Anton Karlsson and loses puck.
6:09 of 1st period - Slapshot by Keegan Lowe.
6:09 of 1st period - Shot Blocked by Connor Clifton.
6:30 of 1st period - Niko Mikkola is hit by Joonas Lyytinen and loses puck.
6:37 of 1st period - Joonas Lyytinen is hit by Oskar Lindblom and loses puck.
6:55 of 1st period - Slapshot by C.J Suess.
6:55 of 1st period - Shot Misses the Net.
7:05 of 1st period - Jacob De La Rose is hit by Tanner Jeannot and loses puck.
7:36 of 1st period - Niko Mikkola is hit by Joonas Lyytinen and loses puck.
7:41 of 1st period - Snap shot by C.J Suess.
7:41 of 1st period - Shot Misses the Net.
7:43 of 1st period - Slapshot by Joonas Lyytinen.
7:43 of 1st period - Shot Misses the Net.
7:45 of 1st period - Snap shot by Jacob De La Rose.
7:45 of 1st period - Shot Misses the Net.
8:07 of 1st period - Slapshot by Austen Brassard.
8:07 of 1st period - Deflect By Tanner Jeannot.
8:07 of 1st period - Stopped by David Rittich without a rebound.
8:08 of 1st period - John Quenneville wins face-off versus Christoph Bertschy in Senators zone.
8:19 of 1st period - Snap shot by Zachary Sanford.
8:19 of 1st period - Shot Blocked by Noah Juulsen.
8:21 of 1st period - Snap shot by Jonas Siegenthaler.
8:21 of 1st period - Shot Blocked by Artem Zub.
8:23 of 1st period - Slapshot by Jonas Siegenthaler.
8:23 of 1st period - Shot Misses the Net.
8:25 of 1st period - Snap shot by Christoph Bertschy.
8:25 of 1st period - Shot Misses the Net.
10:35 of 1st period - Oskar Lindblom is hit by Zachary Sanford and loses puck.
10:46 of 1st period - Nikita Nesterov is hit by Corey Tropp and loses puck.
10:57 of 1st period - Nikita Nesterov is hit by Daniel Audette and loses puck.
11:07 of 1st period - Off-side.
11:08 of 1st period - Christoph Bertschy wins face-off versus Adam Ruzicka in neutral zone.
11:57 of 1st period - Kevin Rooney is hit by Kevin Roy and loses puck.
13:02 of 1st period - Snap shot by Phillip Danault.
13:02 of 1st period - Shot Misses the Net.
13:04 of 1st period - Slapshot by Ben Betker.
13:04 of 1st period - Shot Blocked by Mason Geertsen.
13:20 of 1st period - Snap shot by Arttu Ruotsalainen.
13:20 of 1st period - Stopped by Cal Petersen without a rebound.
13:21 of 1st period - Tomas Hyka wins face-off versus Kevin Roy in Punishers zone.
13:43 of 1st period - Mason Geertsen is hit by Corey Tropp and loses puck.
13:57 of 1st period - Wrist shot by Anton Blidh.
13:57 of 1st period - Shot Misses the Net.
14:21 of 1st period - Tomas Hyka is hit by Kevin Roy and loses puck.
14:50 of 1st period - Wrist shot by Anton Blidh.
14:50 of 1st period - Stopped by David Rittich without a rebound.
14:51 of 1st period - Christoph Bertschy wins face-off versus John Quenneville in Senators zone.
14:56 of 1st period - Noah Juulsen is hit by Christoph Bertschy and loses puck.
15:07 of 1st period - Slapshot by Mason Appleton.
15:07 of 1st period - Shot Misses the Net.
15:17 of 1st period - Keegan Lowe is hit by Phillip Danault and loses puck.
15:32 of 1st period - Noah Juulsen is hit by Kevin Rooney and loses puck.
15:53 of 1st period - Noah Juulsen is hit by Christoph Bertschy.
15:59 of 1st period - Snap shot by Phillip Danault.
15:59 of 1st period - Stopped by David Rittich without a rebound.
16:00 of 1st period - Christoph Bertschy wins face-off versus John Quenneville in Senators zone.
16:21 of 1st period - Snap shot by John Quenneville.
16:21 of 1st period - Shot Misses the Net.
16:56 of 1st period - Icing by Keegan Lowe.
16:57 of 1st period - Adam Ruzicka wins face-off versus Kevin Rooney in Senators zone.
17:06 of 1st period - Wrist shot by Grant Besse.
17:06 of 1st period - Stopped by Cal Petersen with a rebound.
17:08 of 1st period - Slapshot by Grant Besse.
17:08 of 1st period - Deflect By Kevin Rooney.
17:08 of 1st period - Shot Misses the Net.
17:08 of 1st period - Puck is out of play.
17:09 of 1st period - John Quenneville wins face-off versus Christoph Bertschy in Punishers zone.
17:14 of 1st period - Wrist shot by Noah Juulsen.
17:14 of 1st period - Deflect By Kole Lind.
17:14 of 1st period - Shot Misses the Net.
17:14 of 1st period - Puck is out of play.
17:15 of 1st period - Christoph Bertschy wins face-off versus Oskar Lindblom in Senators zone.
17:30 of 1st period - Snap shot by Oskar Lindblom.
17:30 of 1st period - Goal by Oskar Lindblom - Senators : 0 - Punishers : 1.
17:31 of 1st period - John Quenneville wins face-off versus Christoph Bertschy in neutral zone.
17:41 of 1st period - Off-side.
17:42 of 1st period - Christoph Bertschy wins face-off versus John Quenneville in neutral zone.
17:47 of 1st period - Slapshot by Zachary Sanford.
17:47 of 1st period - Shot Blocked by Artem Zub.
17:49 of 1st period - Wrist shot by Christoph Bertschy.
17:49 of 1st period - Shot Blocked by Oskar Lindblom.
18:09 of 1st period - Artem Zub is hit by Marc Michaelis and loses puck.
18:32 of 1st period - Slapshot by Noah Juulsen.
18:32 of 1st period - Stopped by David Rittich without a rebound.
18:33 of 1st period - Kevin Roy wins face-off versus Jacob De La Rose in Senators zone.
18:38 of 1st period - Snap shot by Corey Tropp.
18:38 of 1st period - Stopped by David Rittich with a rebound.
18:40 of 1st period - Backhand shot by Kevin Roy.
18:40 of 1st period - Stopped by David Rittich with a rebound.
18:42 of 1st period - Slapshot by Fredrik Claesson.
18:42 of 1st period - Deflect By Carl Grundstrom.
18:42 of 1st period - Stopped by David Rittich with a rebound.
18:44 of 1st period - Slapshot by Fredrik Claesson.
18:44 of 1st period - Deflect By C.J Suess.
18:44 of 1st period - Stopped by David Rittich with a rebound.
18:46 of 1st period - Slapshot by Ben Betker.
18:46 of 1st period - Shot Misses the Net.
18:48 of 1st period - Snap shot by Corey Tropp.
18:48 of 1st period - Shot Blocked by Jacob De La Rose.
19:23 of 1st period - Wrist shot by Austen Brassard.
19:23 of 1st period - Stopped by David Rittich without a rebound.
19:24 of 1st period - Jacob De La Rose wins face-off versus Daniel Audette in Senators zone.
19:24 of 1st period - Jacob De La Rose is hit by Austen Brassard.
19:30 of 1st period - Wrist shot by Austen Brassard.
19:30 of 1st period - Stopped by David Rittich with a rebound.
19:36 of 1st period - Snap shot by Daniel Audette.
19:36 of 1st period - Stopped by David Rittich without a rebound.
19:37 of 1st period - Christoph Bertschy wins face-off versus John Quenneville in Senators zone.
19:49 of 1st period - Mason Appleton is hit by Artem Zub and loses puck.
Goals for this period are 0 for Senators vs 1 for Punishers.
Shots for this period are 5 for Senators vs 14 for Punishers.
2nd period
0:01 of 2nd period - Christoph Bertschy wins face-off versus John Quenneville in neutral zone.
0:04 of 2nd period - Oskar Lindblom is hit by Keegan Lowe and loses puck.
0:27 of 2nd period - Joonas Lyytinen is hit by Anton Blidh and loses puck.
0:45 of 2nd period - Off-side.
0:46 of 2nd period - Adam Ruzicka wins face-off versus Kevin Rooney in neutral zone.
1:13 of 2nd period - Wrist shot by Zachary Sanford.
1:13 of 2nd period - Goal by Zachary Sanford - Senators : 1 - Punishers : 1.
1:14 of 2nd period - John Quenneville wins face-off versus Christoph Bertschy in neutral zone.
1:19 of 2nd period - Mason Appleton is hit by Artem Zub and loses puck.
1:46 of 2nd period - Slapshot by Grant Besse.
1:46 of 2nd period - Deflect By Kevin Rooney.
1:46 of 2nd period - Stopped by Cal Petersen with a rebound.
1:48 of 2nd period - Snap shot by Marc Michaelis.
1:48 of 2nd period - Stopped by Cal Petersen without a rebound.
1:49 of 2nd period - Marc Michaelis wins face-off versus Kevin Roy in Punishers zone.
2:24 of 2nd period - Slapshot by Kevin Rooney.
2:24 of 2nd period - Deflect By Grant Besse.
2:24 of 2nd period - Goal by Grant Besse - Senators : 2 - Punishers : 1.
2:25 of 2nd period - John Quenneville wins face-off versus Christoph Bertschy in neutral zone.
2:48 of 2nd period - Minor Penalty to John Quenneville for Cross-checking.
2:49 of 2nd period - Christoph Bertschy wins face-off versus Phillip Danault in Punishers zone.
4:48 of 2nd period - Penalty to John Quenneville is over, John Quenneville is back on ice.
5:31 of 2nd period - Martin Fehervary is hit by Phillip Danault and loses puck.
5:48 of 2nd period - Martin Fehervary is hit by Daniel Audette and loses puck.
5:59 of 2nd period - Snap shot by Corey Tropp.
5:59 of 2nd period - Shot Blocked by Mason Geertsen.
6:01 of 2nd period - Wrist shot by Noah Juulsen.
6:01 of 2nd period - Deflect By Phillip Danault.
6:01 of 2nd period - Stopped by David Rittich without a rebound.
6:02 of 2nd period - Arttu Ruotsalainen wins face-off versus Kevin Roy in Senators zone.
6:21 of 2nd period - Wrist shot by Corey Tropp.
6:21 of 2nd period - Stopped by David Rittich without a rebound.
6:22 of 2nd period - John Quenneville wins face-off versus Christoph Bertschy in Senators zone.
6:23 of 2nd period - Backhand shot by Oskar Lindblom.
6:23 of 2nd period - Stopped by David Rittich without a rebound.
6:23 of 2nd period - Minor Penalty to David Rittich for Delaying the game.
6:24 of 2nd period - Christoph Bertschy wins face-off versus Corey Tropp in Senators zone.
6:33 of 2nd period - Snap shot by John Quenneville.
6:33 of 2nd period - Shot Misses the Net.
6:43 of 2nd period - Corey Tropp is hit by Christoph Bertschy and loses puck.
7:11 of 2nd period - Wrist shot by Anton Blidh.
7:11 of 2nd period - Shot Blocked by Mason Geertsen.
7:21 of 2nd period - Slapshot by Corey Tropp.
7:21 of 2nd period - Deflect By C.J Suess.
7:21 of 2nd period - Shot Misses the Net.
7:21 of 2nd period - Puck is out of play.
7:22 of 2nd period - Kevin Roy wins face-off versus Christoph Bertschy in Senators zone.
8:23 of 2nd period - Penalty to Jonas Siegenthaler is over, Jonas Siegenthaler is back on ice.
10:12 of 2nd period - Snap shot by Tanner Jeannot.
10:12 of 2nd period - Stopped by David Rittich with a rebound.
10:45 of 2nd period - Niko Mikkola is hit by C.J Suess and loses puck.
11:04 of 2nd period - Niko Mikkola is hit by Mason Geertsen and loses puck.
12:20 of 2nd period - Anton Karlsson is hit by Artem Zub.
12:35 of 2nd period - Snap shot by John Quenneville.
12:35 of 2nd period - Stopped by David Rittich with a rebound.
12:56 of 2nd period - Niko Mikkola is hit by Nikita Nesterov and loses puck.
13:13 of 2nd period - Snap shot by Jesse Ylonen.
13:13 of 2nd period - Stopped by David Rittich with a rebound.
13:30 of 2nd period - Daniel Audette is hit by Mason Geertsen.
13:47 of 2nd period - Icing by Anton Karlsson.
13:48 of 2nd period - John Quenneville wins face-off versus Arttu Ruotsalainen in Senators zone.
14:17 of 2nd period - Zachary Sanford is hit by Noah Juulsen and loses puck.
14:30 of 2nd period - Snap shot by C.J Suess.
14:30 of 2nd period - Stopped by Cal Petersen with a rebound.
14:32 of 2nd period - Snap shot by Carl Grundstrom.
14:32 of 2nd period - Shot Misses the Net.
14:34 of 2nd period - Snap shot by Carl Grundstrom.
14:34 of 2nd period - Deflect By Jacob De La Rose.
14:34 of 2nd period - Stopped by Cal Petersen with a rebound.
14:36 of 2nd period - Snap shot by Nikita Nesterov.
14:36 of 2nd period - Shot Misses the Net.
14:38 of 2nd period - Slapshot by Jonas Siegenthaler.
14:38 of 2nd period - Shot Misses the Net.
14:40 of 2nd period - Wrist shot by C.J Suess.
14:40 of 2nd period - Shot Blocked by Corey Tropp.
14:49 of 2nd period - Off-side.
14:50 of 2nd period - Daniel Audette wins face-off versus Kevin Rooney in neutral zone.
15:47 of 2nd period - Wrist shot by Carl Grundstrom.
15:47 of 2nd period - Stopped by Cal Petersen with a rebound.
15:49 of 2nd period - Snap shot by C.J Suess.
15:49 of 2nd period - Shot Blocked by Kevin Roy.
15:59 of 2nd period - Snap shot by Phillip Danault.
15:59 of 2nd period - Deflect By Adam Ruzicka.
15:59 of 2nd period - Deflect By Joonas Lyytinen.
15:59 of 2nd period - Stopped by David Rittich without a rebound.
16:00 of 2nd period - Arttu Ruotsalainen wins face-off versus Adam Ruzicka in Senators zone.
16:00 of 2nd period - Arttu Ruotsalainen is hit by Adam Ruzicka.
16:25 of 2nd period - Snap shot by C.J Suess.
16:25 of 2nd period - Shot Blocked by Adam Ruzicka.
16:27 of 2nd period - Slapshot by Joonas Lyytinen.
16:27 of 2nd period - Stopped by Cal Petersen without a rebound.
16:28 of 2nd period - Carl Grundstrom wins face-off versus John Quenneville in Punishers zone.
17:20 of 2nd period - Kevin Rooney is hit by Artem Zub and loses puck.
17:37 of 2nd period - Wrist shot by John Quenneville.
17:37 of 2nd period - Shot Misses the Net.
17:39 of 2nd period - Slapshot by Niko Mikkola.
17:39 of 2nd period - Shot Blocked by Keegan Lowe.
17:41 of 2nd period - Wrist shot by Kole Lind.
17:41 of 2nd period - Shot Misses the Net.
18:13 of 2nd period - Wrist shot by Kevin Roy.
18:13 of 2nd period - Shot Misses the Net.
18:15 of 2nd period - Slapshot by Niko Mikkola.
18:15 of 2nd period - Deflect By Corey Tropp.
18:15 of 2nd period - Shot Misses the Net.
18:15 of 2nd period - Puck is out of play.
18:16 of 2nd period - Christoph Bertschy wins face-off versus John Quenneville in Senators zone.
19:03 of 2nd period - Backhand shot by Nikita Nesterov.
19:03 of 2nd period - Shot Blocked by Ben Betker.
19:05 of 2nd period - Snap shot by Marc Michaelis.
19:05 of 2nd period - Stopped by Cal Petersen without a rebound.
19:06 of 2nd period - Adam Ruzicka wins face-off versus Kevin Rooney in Punishers zone.
19:22 of 2nd period - Snap shot by Kevin Rooney.
19:22 of 2nd period - Shot Misses the Net.
19:36 of 2nd period - Wrist shot by Zachary Sanford.
19:36 of 2nd period - Shot Blocked by Kole Lind.
19:38 of 2nd period - Slapshot by Martin Fehervary.
19:38 of 2nd period - Deflect By Zachary Sanford.
19:38 of 2nd period - Stopped by Cal Petersen without a rebound.
19:39 of 2nd period - John Quenneville wins face-off versus Christoph Bertschy in Punishers zone.
19:48 of 2nd period - Backhand shot by Kole Lind.
19:48 of 2nd period - Shot Blocked by Joonas Lyytinen.
19:50 of 2nd period - Wrist shot by John Quenneville.
19:50 of 2nd period - Shot Misses the Net.
19:52 of 2nd period - Wrist shot by Noah Juulsen.
19:52 of 2nd period - Deflect By Oskar Lindblom.
19:52 of 2nd period - Shot Misses the Net.
19:52 of 2nd period - Puck is out of play.
19:53 of 2nd period - Oskar Lindblom wins face-off versus Christoph Bertschy in Senators zone.
Goals for this period are 2 for Senators vs 0 for Punishers.
Shots for this period are 10 for Senators vs 7 for Punishers.
3rd period
0:01 of 3rd period - John Quenneville wins face-off versus Christoph Bertschy in neutral zone.
0:12 of 3rd period - Snap shot by John Quenneville.
0:12 of 3rd period - Shot Blocked by Mason Appleton.
0:14 of 3rd period - Snap shot by John Quenneville.
0:14 of 3rd period - Stopped by David Rittich without a rebound.
0:15 of 3rd period - Jacob De La Rose wins face-off versus Kevin Roy in Senators zone.
0:40 of 3rd period - Christoph Bertschy is hit by Kole Lind.
0:46 of 3rd period - Slapshot by Zachary Sanford.
0:46 of 3rd period - Deflect By Christoph Bertschy.
0:46 of 3rd period - Shot Blocked by Artem Zub.
0:46 of 3rd period - Puck is out of play.
0:47 of 3rd period - Zachary Sanford wins face-off versus Oskar Lindblom in Punishers zone.
1:35 of 3rd period - Wrist shot by Tomas Hyka.
1:35 of 3rd period - Stopped by Cal Petersen with a rebound.
1:37 of 3rd period - Slapshot by Anton Karlsson.
1:37 of 3rd period - Goal by Anton Karlsson - Senators : 3 - Punishers : 1.
1:38 of 3rd period - John Quenneville wins face-off versus Christoph Bertschy in neutral zone.
1:50 of 3rd period - Snap shot by Oskar Lindblom.
1:50 of 3rd period - Stopped by David Rittich without a rebound.
1:51 of 3rd period - Christoph Bertschy wins face-off versus John Quenneville in Senators zone.
1:53 of 3rd period - Minor Penalty to Keegan Lowe for Delaying the game.
1:54 of 3rd period - John Quenneville wins face-off versus Christoph Bertschy in Senators zone.
2:30 of 3rd period - Slapshot by Artem Zub.
2:30 of 3rd period - Stopped by David Rittich with a rebound.
2:32 of 3rd period - Snap shot by Kevin Roy.
2:32 of 3rd period - Stopped by David Rittich with a rebound.
3:27 of 3rd period - Oskar Lindblom is hit by Jonas Siegenthaler and loses puck.
3:53 of 3rd period - Penalty to Keegan Lowe is over, Keegan Lowe is back on ice.
4:01 of 3rd period - Wrist shot by Kevin Rooney.
4:01 of 3rd period - Shot Misses the Net.
4:51 of 3rd period - Carl Grundstrom is hit by Oskar Lindblom and loses puck.
5:22 of 3rd period - Slapshot by Keegan Lowe.
5:22 of 3rd period - Deflect By Kevin Rooney.
5:22 of 3rd period - Shot Misses the Net.
5:22 of 3rd period - Puck is out of play.
5:23 of 3rd period - Daniel Audette wins face-off versus Grant Besse in Punishers zone.
5:46 of 3rd period - Snap shot by C.J Suess.
5:46 of 3rd period - Stopped by Cal Petersen with a rebound.
6:11 of 3rd period - Slapshot by Anton Karlsson.
6:11 of 3rd period - Shot Misses the Net.
6:55 of 3rd period - Slapshot by Carl Grundstrom.
6:55 of 3rd period - Shot Misses the Net.
7:11 of 3rd period - Slapshot by Martin Fehervary.
7:11 of 3rd period - Shot Blocked by Artem Zub.
7:34 of 3rd period - Snap shot by Corey Tropp.
7:34 of 3rd period - Shot Misses the Net.
7:38 of 3rd period - Wrist shot by Corey Tropp.
7:38 of 3rd period - Deflect By Anton Blidh.
7:38 of 3rd period - Stopped by David Rittich with a rebound.
7:40 of 3rd period - Wrist shot by Kevin Roy.
7:40 of 3rd period - Stopped by David Rittich with a rebound.
7:42 of 3rd period - Snap shot by Kevin Roy.
7:42 of 3rd period - Shot Blocked by Zachary Sanford.
7:44 of 3rd period - Snap shot by Corey Tropp.
7:44 of 3rd period - Stopped by David Rittich with a rebound.
9:58 of 3rd period - Ben Betker is hit by Joonas Lyytinen and loses puck.
10:07 of 3rd period - Wrist shot by Grant Besse.
10:07 of 3rd period - Shot Blocked by Fredrik Claesson.
10:09 of 3rd period - Snap shot by Grant Besse.
10:09 of 3rd period - Stopped by Cal Petersen with a rebound.
10:11 of 3rd period - Snap shot by Kevin Rooney.
10:11 of 3rd period - Shot Misses the Net.
10:23 of 3rd period - Wrist shot by Zachary Sanford.
10:23 of 3rd period - Shot Blocked by Fredrik Claesson.
10:25 of 3rd period - Snap shot by Zachary Sanford.
10:25 of 3rd period - Shot Blocked by Corey Tropp.
10:27 of 3rd period - Snap shot by Christoph Bertschy.
10:27 of 3rd period - Stopped by Cal Petersen with a rebound.
10:29 of 3rd period - Slapshot by Mason Appleton.
10:29 of 3rd period - Stopped by Cal Petersen with a rebound.
10:31 of 3rd period - Snap shot by Mason Appleton.
10:31 of 3rd period - Shot Misses the Net.
10:41 of 3rd period - Ben Betker is hit by Jacob De La Rose.
10:52 of 3rd period - Icing by Keegan Lowe.
10:53 of 3rd period - John Quenneville wins face-off versus Jacob De La Rose in Senators zone.
11:04 of 3rd period - Snap shot by John Quenneville.
11:04 of 3rd period - Stopped by David Rittich with a rebound.
11:28 of 3rd period - Snap shot by Carl Grundstrom.
11:28 of 3rd period - Shot Misses the Net.
11:30 of 3rd period - Slapshot by Carl Grundstrom.
11:30 of 3rd period - Stopped by Cal Petersen with a rebound.
11:32 of 3rd period - Snap shot by Jacob De La Rose.
11:32 of 3rd period - Stopped by Cal Petersen with a rebound.
11:34 of 3rd period - Slapshot by Joonas Lyytinen.
11:34 of 3rd period - Deflect By Carl Grundstrom.
11:34 of 3rd period - Shot Misses the Net.
11:34 of 3rd period - Puck is out of play.
11:35 of 3rd period - Oskar Lindblom wins face-off versus Zachary Sanford in Punishers zone.
11:39 of 3rd period - Minor Penalty to Zachary Sanford for Hooking.
11:40 of 3rd period - John Quenneville wins face-off versus Christoph Bertschy in Senators zone.
12:06 of 3rd period - Kevin Roy is hit by Nikita Nesterov and loses puck.
13:39 of 3rd period - Penalty to Zachary Sanford is over, Zachary Sanford is back on ice.
14:05 of 3rd period - Mason Appleton is hit by Austen Brassard and loses puck.
14:11 of 3rd period - Icing by Zachary Sanford.
14:12 of 3rd period - Daniel Audette wins face-off versus Christoph Bertschy in Senators zone.
14:29 of 3rd period - Slapshot by Mason Geertsen.
14:29 of 3rd period - Shot Blocked by Ben Betker.
14:31 of 3rd period - Snap shot by C.J Suess.
14:31 of 3rd period - Deflect By Jacob De La Rose.
14:31 of 3rd period - Shot Blocked by Daniel Audette.
14:31 of 3rd period - Puck is out of play.
14:32 of 3rd period - Jacob De La Rose wins face-off versus John Quenneville in Punishers zone.
14:39 of 3rd period - Snap shot by C.J Suess.
14:39 of 3rd period - Shot Blocked by John Quenneville.
14:41 of 3rd period - Snap shot by Joonas Lyytinen.
14:41 of 3rd period - Stopped by Cal Petersen without a rebound.
14:42 of 3rd period - John Quenneville wins face-off versus Jacob De La Rose in Punishers zone.
14:46 of 3rd period - Off-side.
14:47 of 3rd period - John Quenneville wins face-off versus Jacob De La Rose in neutral zone.
15:18 of 3rd period - Minor Penalty to Keegan Lowe for Interference.
15:19 of 3rd period - Christoph Bertschy wins face-off versus John Quenneville in Senators zone.
16:52 of 3rd period - Icing by Artem Zub.
16:53 of 3rd period - Kevin Rooney wins face-off versus Anton Blidh in Punishers zone.
17:18 of 3rd period - Penalty to Keegan Lowe is over, Keegan Lowe is back on ice.
17:33 of 3rd period - Wrist shot by Marc Michaelis.
17:33 of 3rd period - Stopped by Cal Petersen without a rebound.
17:34 of 3rd period - Adam Ruzicka wins face-off versus Kevin Rooney in Punishers zone.
17:59 of 3rd period - Snap shot by John Quenneville.
17:59 of 3rd period - Shot Misses the Net.
Goals for this period are 1 for Senators vs 0 for Punishers.
Shots for this period are 10 for Senators vs 8 for Punishers.
Output by the SimonT Hockey Simulator (STHS) for Francois Prevost